 Dungeon Crawl Stone Soup version 0.27.1 (webtiles) character file.

Game seed: 16869974595245412280

53441 MajorAdolf the Covert (level 14, -2/129 HPs)
             Began as a Naga Wanderer on Aug 22, 2021.
             Was an Initiate of Gozag.
             Slain by a black mamba (13 damage)
             ... on level 5 of the Lair of Beasts.
             The game lasted 01:05:49 (35424 turns).

MajorAdolf the Covert (Naga Wanderer)              Turns: 35424, Time: 01:05:51

Health: -2/129     AC: 17    Str: 14    XL:     14   Next: 68%
Magic:  6/26       EV:  6    Int: 24    God:    Gozag
Gold:   1599       SH: 10    Dex: 11    Spells: 14/30 levels left

rFire    + . .     SeeInvis +   v - staff of earth
rCold    + . .     Faith    .   t - +0 kite shield
rNeg     . . .     Spirit   .   H - +1 robe {Archmagi}
rPois    +         Reflect  .   s - +2 hood of the Assassin {Detection Stab+ Stlth++}
rElec    .         Harm     .   r - +0 cloak
rCorr    .         Rampage  .   X - +1 pair of gloves "Emuhank" {rC+}
Will     +....     Archmagi +   n - +1 barding {rC+}
Stlth    +++++++...             B - amulet of regeneration
HPRegen  1.31/turn              p - +6 ring of intelligence
MPRegen  0.20/turn              o - ring of fire

@: gold aura, very slightly contaminated, very slow
A: AC +4, large, see invisible, deformed body, poison resistance, slowness 2,
spit poison 1, naga tail 2
a: Spit Poison, Renounce Religion, Potion Petition, Call Merchant, Bribe Branch


You were on level 5 of the Lair of Beasts.
You worshipped Gozag.
Gozag was most pleased with you.
You visited 3 branches of the dungeon, and saw 19 of its levels.

You collected 4021 gold pieces.
You spent 352 gold pieces at shops.
You paid 2070 gold pieces to Gozag.

Inventory:

Hand Weapons
 G - the +4 flail of the Freezing Oracle {venom, rElec rC++ rN+ Dex-4}
   (You found it on level 11 of the Dungeon)

   It poisons the flesh of those it strikes.
   Dex:       It affects your dexterity (-4).
   rC:        It greatly protects you from cold.
   rElec:     It insulates you from electricity.
   rN:        It protects you from negative energy.
 R - the +11 battleaxe "Conservator" {venom, Fly rPois Str-5}
   (You took it off a centaur warrior on level 11 of the Dungeon)

   It poisons the flesh of those it strikes.
   Str:       It affects your strength (-5).
   rPois:     It protects you from poison.
   Fly:       It grants you flight.
Missiles
 b - 201 bolts
Armour
 n - a +1 barding of cold resistance (worn)
 r - a +0 cloak (worn)
 s - the +2 hood of the Assassin (worn) {Detection Stab+ Stlth++}
   (You found it on level 4 of the Lair of Beasts)

   It allows the wearer to sense nearby creatures.
   It allows the wearer to make particularly effective stabbing attacks against
   helpless or unaware enemies with any weapon.
   Stlth:     It makes you much more stealthy.
 t - a +0 kite shield (worn)
 H - a +1 robe of the Archmagi (worn)
 O - the +4 pearl dragon scales of the Shining Light {rN+ Int+7}
   (You found it on level 10 of the Dungeon)

   Int:       It affects your intelligence (+7).
   rN:        It protects you from negative energy.
 X - the +1 pair of gloves "Emuhank" (worn) {rC+}
   (You bought it in a shop on level 2 of the Lair of Beasts)

   rC:        It protects you from cold.
Magical Staves
 v - a staff of earth (weapon)
 L - a staff of conjuration
 N - a staff of cold
Jewellery
 g - a ring of protection from fire
 h - an amulet of reflection
 j - a +6 ring of intelligence
 m - a ring of protection from cold
 o - a ring of fire (right hand)
 p - a +6 ring of intelligence (left hand)
 w - a +6 ring of intelligence
 B - an amulet of regeneration (around neck)
 D - a +4 ring of protection
 Q - a ring of positive energy
Wands
 A - a wand of paralysis (20)
 M - a wand of charming (10)
 S - a wand of iceblast (22)
 Y - a wand of acid (9)
Scrolls
 a - a scroll of enchant armour
 c - 7 scrolls of enchant weapon
 i - 4 scrolls of fear
 q - 5 scrolls of summoning
 u - 5 scrolls of amnesia
 y - 2 scrolls of blinking
 z - a scroll of immolation {unknown}
 I - 4 scrolls of magic mapping {unknown}
 J - a scroll of torment {unknown}
 K - 7 scrolls of identify
 U - 2 scrolls of teleportation
 V - a scroll of fog {unknown}
 Z - a scroll of vulnerability {unknown}
Potions
 d - 2 potions of brilliance
 e - 7 potions of curing
 f - 6 potions of attraction
 k - 5 potions of degeneration {unknown}
 l - 3 potions of haste {unknown}
 x - 3 potions of might {unknown}
 E - 2 potions of flight {unknown}
 F - 7 potions of heal wounds {unknown}
 P - 2 potions of lignification {unknown}
 W - 2 potions of ambrosia


   Skills:
 + Level 9.3 Fighting
 - Level 1.0 Crossbows
 - Level 1.0 Armour
 + Level 13.8 Stealth
 + Level 7.3 Shields
 + Level 8.6 Spellcasting
 + Level 9.5 Conjurations
 + Level 7.2 Necromancy
 - Level 3.0 Translocations
 + Level 8.5 Fire Magic
 - Level 3.0 Air Magic
 + Level 9.1 Earth Magic
 - Level 6.0 Poison Magic
 - Level 2.0 Evocations


You had 14 spell levels left.
You knew the following spells:

 Your Spells              Type           Power      Damage    Failure   Level
a - Shock                 Conj/Air       100%       1d9       1%          1
b - Stone Arrow           Conj/Erth      100%       3d13      1%          3
c - Mephitic Cloud        Conj/Pois/Air  56%        N/A       1%          3
d - Bolt of Magma         Conj/Fire/Erth 55%        4d22      5%          5
e - Passwall              Tmut/Erth      53%        N/A       1%          2
f - Sublimation of Blood  Necr           30%        N/A       1%          2

Your spell library contained the following spells:

 Spells                   Type           Power      Damage    Failure   Level
 Foxfire                  Conj/Fire      100%       2x1d9     1%          1
 Magic Dart               Conj           100%       1d8       1%          1
 Corpse Rot               Necr/Air       N/A        N/A       1%          2
 Poisonous Vapours        Pois/Air       94%        N/A       1%          2
 Conjure Flame            Conj/Fire      88%        6-21      1%          3
 Vampiric Draining        Necr           30%        2d10      1%          3
 Inner Flame              Hex/Fire       62%        N/A       4%          3
 Swiftness                Air            37%        N/A       8%          3
 Corona                   Hex            16%        N/A       9%          1
 Freeze                   Ice            60%        1d8       9%          1
 Hailstorm                Conj/Ice       49%        3d11      12%         4
 Call Imp                 Summ           15%        N/A       13%         2
 Ensorcelled Hibernation  Hex/Ice        30%        N/A       13%         2
 Slow                     Hex            15%        N/A       13%         2
 Petrify                  Tmut/Erth      64%        N/A       13%         4
 Confusing Touch          Hex            15%        N/A       26%         3
 Frozen Ramparts          Ice            30%        1d5       26%         3
 Tukima's Dance           Hex            15%        N/A       26%         3
 Irradiate                Conj/Tmut      24%        3d22      32%         5
 Freezing Cloud           Conj/Ice/Air   22%        6-21      38%         5
 Cause Fear               Hex            7%         N/A       65%         4
 Invisibility             Hex            7%         N/A       100%        6
 Discord                  Hex            7%         N/A       100%        8
 Shatter                  Erth           44%        3d34*     100%        9


Dungeon Overview and Level Annotations

Branches:
Dungeon (12/15)            Temple (1/1) D:4            Lair (6/6) D:8
 Shoals (0/4) Lair:2        Snake (0/4) Lair:4          Orc (0/2) D:12
  Slime: Lair:5-6

Altars:
Ashenzari
Cheibriados
Dithmenos
Elyvilon
Fedhas
Gozag
Hepliaklqana
Kikubaaqudgha
Makhleb
Nemelex Xobeh
Okawaru
Qazlal
Ru
Sif Muna
Trog
Uskayaw
Vehumet
Wu Jian
Xom
Yredelemnul
Zin
The Shining One
Beogh

Shops:
Lair:2 [:

Annotations:
Lair:2 exclusion: 4 doors


Innate Abilities, Weirdness & Mutations

Your serpentine skin is tough. (AC +4)
You have supernaturally acute eyesight. (SInv)
Armour fits poorly on your strangely shaped body.
Your system is resistant to poisons. (rPois)
You cover ground very slowly.
You can spit poison.
You can use your snake-like lower body to constrict enemies.


Message History

Confirm with . or Enter, or press ? or * to list all spells.
Aiming: Bolt of Magma (dangerous; 6% risk of failure)
Press: ? - help, Shift-Dir - straight line, f/p - water moccasin
Aim: a water moccasin (almost dead, 60% to hit)
You feel a huge surge of power!
The bolt of magma hits the water moccasin!!!
You kill the water moccasin!
You feel sick. You block the black mamba's attack. The black mamba bites you!
* * * LOW HITPOINT WARNING * * *
Casting: Bolt of Magma (dangerous; 5% risk of failure)
Confirm with . or Enter, or press ? or * to list all spells.
You feel a surge of power!
You draw magical energy from your own body!
You feel sick. The black mamba barely misses you. The black mamba bites you!
* * * LOW HITPOINT WARNING * * *
Unknown command.
Casting: Sublimation of Blood (safe; 1% risk of failure)
Confirm with . or Enter, or press ? or * to list all spells.
Aiming: Bolt of Magma (dangerous; 5% risk of failure)
Press: ? - help, Shift-Dir - straight line, f - black mamba
Aim: a black mamba (60% to hit)
You feel a huge surge of power!
The bolt of magma hits the black mamba!!
The black mamba is severely wounded.
You feel sick. You block the black mamba's attack. The black mamba bites you.
* * * LOW HITPOINT WARNING * * *
You feel better.
The black mamba bites you but does no damage.
The black mamba bites you!
* * * LOW HITPOINT WARNING * * *
Casting: Bolt of Magma (dangerous; 5% risk of failure)
Confirm with . or Enter, or press ? or * to list all spells.
Aiming: Bolt of Magma (dangerous; 5% risk of failure)
Press: ? - help, Shift-Dir - straight line, f/p - black mamba
Aim: a black mamba (severely wounded, 60% to hit)
You feel a huge surge of power!
The bolt of magma misses the black mamba.
The black mamba bites you!
You die...
Your body crumbles into a pile of gold.

.........# #..#
.......### ##.# ........#
#.# (>......# ##.###
.......## #....# #....###
#..P## ###..# #...#
#...## ######...# ##P..#
#.#.#$@..### ##...###
##.#.S#$##.##
#....P.#####..........##
.#......#.#......>..P..##
.......(.#........P...#.#
...........#...........##
...........#..........P#
........#.###.P.....#.##
.........###..........#


You could see a black mamba.

Vanquished Creatures
  Rupert (D:12)
  The ghost of zurenarrh the Grappler, a journeyman TrMo of Wu Jian (D:10)
  The ghost of amoeba the Carver, a journeyman MiFi of Trog (D:11)
  3 boulder beetles
  4 hydras
  A catoblepas (Lair:5)
  3 centaur warriors
  The ghost of SeagullWaffle the Carver, a novice MiFi of the Shining One (D:8)
  3 tengu warriors
  2 two-headed ogres
  The ghost of Laummuim the Gouger, a journeyman FeFi of Fedhas (Lair:4)
  A spectral death yak (Lair:4)
  A skeletal warrior (D:11)
  A cyclops (D:12)
  2 ugly things (D:11)
  3 manticores
  A black mamba (Lair:6)
  A guardian serpent (Lair:6)
  10 elephants
  A torpor snail (Lair:3)
  2 gargoyles
  A merfolk siren (Lair:2)
  13 cane toads
  6 komodo dragons
  5 rime drakes
  An efreet (D:11)
  3 trolls
  2 polar bears (Lair:2)
  A queen bee (D:8)
  A hornet (D:8)
  A blink frog (Lair:2)
  2 dream sheep (Lair:3)
  A spectral black mamba (Lair:4)
  A shadow (D:9)
  A centaur simulacrum (D:11)
  52 yaks
  A wraith (D:10)
  4 wyverns
  2 redbacks (Lair:6)
  5 basilisks
  3 steam dragons
  A death yak simulacrum (Lair:4)
  6 vampire mosquitoes
  Menkaure (D:6)
  2 nagas (Lair:4)
  A warg (D:11)
  2 acid dragons
  Edmund (D:5)
  20 water moccasins
  Duvessa (D:6)
  A black mamba simulacrum (Lair:4)
  10 orc warriors
  A sky beast (D:6)
  4 black bears
  2 ogres
  8 centaurs
  4 wolves (D:8)
  A phantom (D:5)
  2 kobold brigands
  A gnoll sergeant (D:7)
  14 bullfrogs
  2 scorpions
  A wyvern skeleton (D:6)
  Dowan (D:6)
  A dream sheep simulacrum (Lair:4)
  17 killer bees
  11 wights
  7 howler monkeys
  A crimson imp (D:8)
  6 centaur zombies
  3 hounds
  A jelly (D:7)
  10 orc priests
  A centaur skeleton (D:5)
  A bullfrog skeleton (D:5)
  Terence (D:2)
  A scorpion zombie (D:5)
  4 iguanas
  11 orc wizards
  A hound zombie (D:5)
  6 gnolls
  8 adders
  A white imp (D:6)
  An ufetubus (D:5)
  An adder skeleton (D:4)
  A worm (D:4)
  3 dart slugs
  39 orcs
  6 ball pythons
  5 bats
  6 endoplasms
  13 giant cockroaches
  5 goblins
  9 hobgoblins
  5 jackals
  14 kobolds
  4 quokkas
  4 frilled lizards
  5 rats
450 creatures vanquished.

Vanquished Creatures (others)
  A death yak (Lair:6)
  A black mamba (Lair:6)
  An orc wizard (D:12)
  A bush (Lair:3)
  38 fungi
  65 plants
107 creatures vanquished.

Grand Total: 557 creatures vanquished

Notes
Turn   | Place    | Note
-------+----------+-------------------------------------------
     0 | D:1      | MajorAdolf the Naga Wanderer began the quest for the Orb.
     0 | D:1      | MajorAdolf set off with the following items: a +2 hand
                  | crossbow, 26 bolts, a +0 ring mail; and the following spell
                  | memorised: Shock; and the following spells available to
                  | memorise: Mephitic Cloud
     0 | D:1      | Reached XP level 1. HP: 18/18 MP: 1/1
   114 | D:1      | Reached skill level 1 in Stealth
   219 | D:1      | Found a faded altar of an unknown god.
   283 | D:1      | Reached XP level 2. HP: 25/25 MP: 2/2
   696 | D:1      | Reached skill level 1 in Conjurations
   696 | D:1      | Reached XP level 3. HP: 31/31 MP: 4/4
  1097 | D:2      | Reached skill level 1 in Spellcasting
  1229 | D:2      | Reached skill level 2 in Stealth
  1738 | D:2      | Noticed Terence
  1744 | D:2      | Killed Terence
  1745 | D:2      | Reached XP level 4. HP: 38/38 MP: 5/5
  2461 | D:2      | Learned a level 3 spell: Stone Arrow
  2722 | D:3      | Reached skill level 3 in Stealth
  2749 | D:3      | Reached XP level 5. HP: 19/45 MP: 7/7
  3387 | D:3      | Noticed an orc warrior
  3394 | D:3      | Identified a scroll of acquirement
  3394 | D:3      | Acquired a +0 barding of cold resistance
  4015 | D:4      | Reached skill level 1 in Earth Magic
  4510 | D:4      | Reached XP level 6. HP: 38/54 MP: 0/9
  4846 | D:4      | Reached skill level 4 in Stealth
  5274 | D:4      | Found a staircase to the Ecumenical Temple.
  5441 | D:4      | Found a radiant altar of Vehumet.
  5498 | D:4      | Found a shadowy altar of Dithmenos.
  5499 | D:4      | Found a sparkling altar of Nemelex Xobeh.
  5502 | D:4      | Found a hide-covered altar of Uskayaw.
  5654 | D:4      | Learned a level 3 spell: Mephitic Cloud
  5682 | D:5      | Entered Level 5 of the Dungeon
  5690 | D:5      | Reached XP level 7. HP: 58/61 MP: 10/10
  6067 | D:5      | Reached skill level 1 in Poison Magic
  6228 | D:5      | Reached skill level 5 in Stealth
  7186 | D:5      | Reached XP level 8. HP: 64/69 MP: 5/12
  7350 | D:5      | Reached skill level 1 in Shields
  7598 | D:5      | Learned a level 5 spell: Bolt of Magma
  7628 | D:5      | Noticed Edmund
  7637 | D:5      | Killed Edmund
  7638 | D:5      | Reached skill level 6 in Stealth
  7841 | D:6      | Noticed Dowan
  8028 | D:6      | Reached skill level 1 in Fire Magic
  8502 | D:6      | Reached XP level 9. HP: 58/78 MP: 0/14
  8632 | D:6      | Reached skill level 7 in Stealth
  8908 | D:6      | Noticed Menkaure
  9018 | D:6      | Noticed Duvessa
  9126 | D:6      | Killed Duvessa
  9211 | D:6      | Killed Dowan
  9792 | D:6      | Killed Menkaure
 10629 | D:7      | Reached skill level 5 in Poison Magic
 11752 | D:7      | Reached skill level 5 in Fighting
 11752 | D:7      | Reached skill level 5 in Conjurations
 12086 | D:8      | Reached skill level 8 in Stealth
 12256 | D:8      | Reached XP level 10. HP: 85/88 MP: 3/16
 12367 | D:8      | Noticed a tengu warrior
 12379 | D:8      | Killed a tengu warrior
 12635 | D:8      | Reached skill level 5 in Spellcasting
 12832 | D:8      | Reached skill level 5 in Earth Magic
 13390 | D:8      | Reached skill level 9 in Stealth
 13904 | D:8      | Learned a level 2 spell: Passwall
 13910 | D:8      | Found a shimmering altar of Xom.
 13910 | D:8      | Found a burning altar of Makhleb.
 14579 | D:8      | Noticed SeagullWaffle's ghost (novice MiFi)
 14757 | D:8      | Found a staircase to the Lair.
 14776 | D:8      | Learned a level 2 spell: Sublimation of Blood
 14866 | D:8      | Found the +27 Lear's hauberk
 14956 | D:8      | Found a transporter.
 14958 | D:8      | Found a transporter.
 15056 | D:9      | Noticed a two-headed ogre
 15198 | Lair:1   | Entered Level 1 of the Lair of Beasts
 15199 | Lair:1   | Noticed a cane toad
 15325 | D:8      | Killed a cane toad
 15326 | D:8      | Reached skill level 1 in Necromancy
 15326 | D:8      | Reached XP level 11. HP: 72/97 MP: 10/19
 15684 | Lair:1   | Reached skill level 5 in Fire Magic
 16841 | Lair:1   | Reached skill level 10 in Stealth
 18460 | Lair:2   | Noticed an eight-headed hydra
 18763 | D:9      | Noticed a tengu warrior
 18766 | D:9      | Killed a tengu warrior
 19707 | D:9      | Found a blossoming altar of Fedhas.
 19947 | D:9      | Killed a two-headed ogre
 19948 | D:9      | Reached XP level 12. HP: 101/106 MP: 2/21
 20118 | D:10     | Entered Level 10 of the Dungeon
 20152 | D:10     | Reached skill level 5 in Shields
 20741 | D:10     | Found a runed translucent door.
 20752 | D:10     | Noticed zurenarrh's ghost (journeyman TrMo)
 21043 | D:10     | Noticed a two-headed ogre
 21047 | D:10     | Killed a two-headed ogre
 21048 | D:10     | Reached skill level 11 in Stealth
 22319 | D:10     | Killed zurenarrh's ghost
 22432 | D:10     | Identified the +4 pearl dragon scales of the Shining Light
                  | {rN+ Int+7}
 22729 | Temple   | Entered the Ecumenical Temple
 23113 | Temple   | Became a worshipper of Gozag Ym Sagoz the Greedy
 24074 | D:11     | Noticed a boulder beetle
 24078 | D:11     | Killed a boulder beetle
 24616 | D:11     | Noticed a boulder beetle
 24620 | D:11     | Killed a boulder beetle
 24692 | D:11     | Noticed a tengu warrior
 24700 | D:11     | Killed a tengu warrior
 25131 | D:11     | Identified the +4 flail of the Freezing Oracle {venom,
                  | rElec rC++ rN+ Dex-4}
 25156 | D:11     | Reached skill level 5 in Necromancy
 25433 | D:11     | Identified the +11 battleaxe "Conservator" {venom, Fly
                  | rPois Str-5}
 25433 | D:11     | Noticed a centaur warrior
 25443 | D:11     | Gained mutation: You can use your snake-like lower body to
                  | constrict enemies. [Naga growth]
 25443 | D:11     | Reached XP level 13. HP: 97/117 MP: 11/23
 25697 | D:11     | Reached skill level 12 in Stealth
 25907 | D:11     | Identified the +7 bardiche of Makhleb's Grace {vorpal,
                  | Str+4}
 25916 | D:11     | Identified the +2 robe of Xom's Fury {rCorr Str+3 Int+2
                  | Dex+2}
 25986 | D:11     | Identified the +9 flail of Accidental Termination {elec,
                  | Int+2}
 26019 | D:11     | Found the +6 shillelagh "Devastator" {shatter}
 26072 | D:11     | Found a runed translucent gate.
 26073 | D:11     | Found a runed translucent gate.
 26074 | D:11     | Found a runed translucent gate.
 26076 | D:11     | Noticed amoeba's ghost (journeyman MiFi)
 26078 | D:11     | Identified the +1 plate armour of Conscience {rF+}
 26256 | D:11     | Killed amoeba's ghost
 26723 | D:12     | Noticed Rupert
 26873 | D:12     | Killed Rupert
 27750 | D:12     | Found a staircase to the Orcish Mines.
 28014 | D:12     | Noticed a storm dragon
 28344 | D:8      | Killed SeagullWaffle's ghost
 28475 | D:8      | Acquired 771 gold pieces
 28943 | Lair:2   | Bought the +1 pair of gloves "Emuhank" {rC+} for 352 gold
                  | pieces
 29274 | Lair:2   | Reached skill level 13 in Stealth
 29842 | Lair:2   | Reached XP level 14. HP: 125/127 MP: 12/26
 30746 | Lair:2   | Found a staircase to the Shoals.
 32994 | Lair:4   | Found a staircase to the Snake Pit.
 33206 | Lair:4   | Identified the +5 giant club of the Toadstool {flame, rPois
                  | MP+9 Int+4 SInv}
 33342 | Lair:4   | Found a runed translucent gate.
 33342 | Lair:4   | Found a runed translucent gate.
 33342 | Lair:4   | Found a runed translucent gate.
 33343 | Lair:4   | Found the +2 hood of the Assassin {Detection Stab+ Stlth++}
 33351 | Lair:4   | Noticed Laummuim's ghost (journeyman FeFi)
 33663 | Lair:4   | Killed Laummuim's ghost
 34823 | Lair:5   | Found an ornate altar of the Wu Jian Council.
 34961 | Lair:6   | Entered Level 6 of the Lair of Beasts
 35424 | Lair:5   | Slain by a black mamba

Illustrated notes

Levels and vault maps discovered:
D:1:      minmay_arrival_checkered_box, layout_basic,
          hellmonk_ecumenical_altar_dog_temple
D:2:      minmay_roachtagon, layout_basic, uniq_terence
D:3:      layout_rooms, serial_rivers, chequers_serial_rivers_small_b,
          chequers_serial_rivers_micro_e, chequers_serial_rivers_small_b,
          chequers_serial_rivers_micro_e, chequers_serial_rivers_small_a,
          chequers_serial_rivers_micro_b, minmay_fountain_box,
          serial_bayou_pond_b, chequers_avenue
D:4:      layout_loops_cross, minitemple, minmay_temple_entry_glassed_door
D:5:      layout_rooms, minmay_misc_feat_x, minmay_misc_feat_doors,
          dk_noncrumbling_3, hangedman_decor_peaks_small, grunt_ministairs_11,
          minmay_quadrilaterals, uniq_edmund
D:6:      layout_loops_ring, minmay_unpleasant_kobolds, uniq_duvessa,
          uniq_menkaure
D:7:      layout_loops_corners
D:8:      layout_loops_ring, grunt_temple_overflow_champion_of_chaos,
          minmay_lair_entry_grove, gammafunk_ghost_hive,
          hellmonk_guarded_unrand_lears
D:9:      layout_loops_corners, fedhas_altar_1
D:10:     minmay_goldmine, layout_loops_ring, ebering_ghost_reflecting_pool
D:11:     minmay_cut_squares, layout_long_grid, biasface_ghost_orc_armoury,
          kennysheep_diamond
D:12:     layout_layer_cave, orc_0_dummy, wad_dig_loot, uniq_rupert
Temple:   regret_index_temple_generic_petals
Lair:1:   layout_regular_city, chequers_serial_rivers_room_b
Lair:2:   nzn_winding_woodlands_stair_trap [nzn_winding_woodlands_5x15_crooked,
          nzn_winding_woodlands_5x15_twine, nzn_winding_woodlands_5x15_garden,
          nzn_winding_woodlands_15x15_killbox, nzn_winding_woodlands_5x15_eye,
          nzn_winding_woodlands_5x15_parted,
          nzn_winding_woodlands_5x15_sidewinder], layout_gridlike,
          minmay_shoals_entry_lonely_mermaid
Lair:3:   layout_long_grid, grunt_forest_small_clearings, serial_bayou_crossing
Lair:4:   layout_hall_layers, guppyfry_snake_entry_garden,
          gammafunk_ghost_necromancy
Lair:5:   layout_roguey, basic_altar, kennysheep_catoblepas_arena
Lair:6:   hangedman_lair_tendril_chambers, layout_small_grid, wormcave,
          nicolae_slime_entry_slimehenge, minmay_lair_oklob_chamber

Skill      XL: |  1  2  3  4  5  6  7  8  9 10 11 12 13 14 |
---------------+-------------------------------------------+-----
Stealth        | 1 2 3 4 5 6 8 9 10 11 13 | 13.8
Conjurations   | 1 2 3 4 5 6 7 8 9 |  9.5
Spellcasting   | 1 2 3 4 5 6 7 8 |  8.6
Fighting       | 2 3 4 5 6 7 8 9 |  9.3
Air Magic      | 3 |  3.0
Earth Magic    | 1 2 3 4 5 6 7 8 9 |  9.1
Poison Magic   | 2 4 5 6 |  6.0
Shields        | 2 3 4 5 6 7 |  7.3
Fire Magic     | 1 3 4 5 6 7 8 |  8.5
Necromancy     | 1 3 5 6 7 |  7.2
Crossbows      | |  1.0
Armour         | |  1.0
Translocations | |  3.0
Evocations     | |  2.0

Action                   |  1- 3 |  4- 6 |  7- 9 | 10-12 | 13-15 || total
-------------------------+-------+-------+-------+-------+-------++-------
Melee: Staff             |       |       |    30 |   143 |   101 ||   274
       Short sword       |       |       |    57 |       |       ||    57
       Constrict         |       |       |       |       |    17 ||    17
 Fire: Hand crossbow     |    61 |   146 |    54 |       |       ||   261
 Cast: Shock             |       |    14 |       |     3 |       ||    17
       Stone Arrow       |       |       |   108 |   218 |    65 ||   391
       Mephitic Cloud    |       |       |       |     9 |     2 ||    11
       Bolt of Magma     |       |       |       |    40 |   141 ||   181
       Passwall          |       |       |       |     4 |     1 ||     5
       Sublimation of Bl |       |       |       |       |    21 ||    21
Invok: Call Merchant     |       |       |       |       |     2 ||     2
 Abil: Spit Poison       |     6 |     7 |    23 |     9 |     3 ||    48
  Use: Scroll            |       |     5 |     6 |     2 |     2 ||    15
       Potion            |       |     1 |       |       |     2 ||     3
 Stab: Confused          |       |       |       |     5 |     3 ||     8
Armor: Skin              |     3 |    12 |       |       |       ||    15
       Robe              |       |    28 |   120 |   170 |   129 ||   447
Dodge: Dodged            |    13 |    42 |   100 |   122 |    52 ||   329
Block: Kite shield       |       |       |       |    78 |   119 ||   197
